 Dungeon Crawl Stone Soup version 0.29.1-13-g9f3cf754e1 (webtiles) character file.

Game seed: 9261590751570101908

2 Heoruswealwe the Vexing (level 1, -3/11 HPs)
             Began as a Deep Elf Arcane Marksman on Jan 31, 2023.
             Slain by a gnoll
             ... wielding a +0 spear
              (4 damage)
             ... on level 1 of the Dungeon.
             The game lasted 00:03:53 (52 turns).

Heoruswealwe the Vexing (Deep Elf Arcane Marksman)    Turns: 52, Time: 00:03:58

Health: -3/11      AC:  2    Str:  7    XL:     1   Next: 33%
Magic:  4/5        EV: 12    Int: 17    God:
Gold:   16         SH:  0    Dex: 15    Spells: 2/3 levels left

rFire   . . .      SeeInvis .   a - +1 sling
rCold   . . .      Faith    .   (no shield)
rNeg    . . .      Spirit   .   c - +0 robe
rPois   .          Reflect  .   (no helmet)
rElec   .          Harm     .   (no cloak)
rCorr   .          Rampage  .   (no gloves)
Will    .....                   (no boots)
Stlth   +.........              (no amulet)
HPRegen 0.03/turn               (no ring)
MPRegen 0.09/turn               (no ring)

@: no status effects
A: no striking features
a: no special abilities


You were on level 1 of the Dungeon.
You visited 1 branch of the dungeon, and saw 1 of its levels.

You collected 16 gold pieces.

Inventory:

Hand Weapons
 a - a +1 sling (weapon)
Armour
 c - a +0 robe (worn)
Jewellery
 f - a +4 ring of evasion
Scrolls
 b - a scroll of poison
 e - a scroll of teleportation {unknown}
 g - a scroll of identify {unknown}
Potions
 d - a potion of degeneration {unknown}


   Skills:
 + Level 0.7 Fighting
 + Level 2.9 Ranged Weapons
 + Level 2.4 Dodging
 + Level 1.5 Spellcasting
 + Level 4.1 Hexes


You had 2 spell levels left.
You knew the following spells:

 Your Spells              Type           Power      Damage    Failure   Level
a - Slow                  Hex            60%        N/A       3%          1

Your spell library contained the following spells:

 Spells                   Type           Power      Damage    Failure   Level
 Inner Flame              Hex/Fire       8%         N/A       26%         3
 Portal Projectile        Hex/Tloc       16%        N/A       26%         3
 Cause Fear               Hex            7%         N/A       36%         4


Dungeon Overview and Level Annotations

Branches:
Dungeon (1/15)

Altars:


Message History

The hobgoblin seems to slow down.
Casting: Slow (safe; 3% risk of failure)
Confirm with . or Enter, or press ? or * to list all spells.
You don't know that spell.
Fire: a) +1 sling
Press: ? - help, Shift-Dir - straight line, f/p - hobgoblin
Aim: a hobgoblin (moderately wounded, slow, 57% to hit)
You shoot a sling bullet.
The sling bullet hits the hobgoblin but does no damage.
The hobgoblin is moderately wounded.
The hobgoblin hits you.
Fire: a) +1 sling
Press: ? - help, Shift-Dir - straight line, f/p - hobgoblin
Aim: a hobgoblin (moderately wounded, slow, 57% to hit)
You shoot a sling bullet. The sling bullet hits the hobgoblin.
You kill the hobgoblin!
Fire: a) +1 sling
Press: ? - help, Shift-Dir - straight line, f - gnoll
Aim: a gnoll, wielding a +0 spear (61% to hit)
You shoot a sling bullet.
The sling bullet closely misses the gnoll.
The gnoll hits you from afar with a +0 spear!
Ouch! That really hurt!
* * * LOW HITPOINT WARNING * * *
The gnoll hits you from afar with a +0 spear.
* * * LOW HITPOINT WARNING * * *
Unknown command.
Fire: a) +1 sling
Press: ? - help, Shift-Dir - straight line, f/p - gnoll
Aim: a gnoll, wielding a +0 spear (61% to hit)
You shoot a sling bullet. The sling bullet hits the gnoll.
The gnoll is moderately wounded.
The gnoll closely misses you.
Fire: a) +1 sling
Press: ? - help, Shift-Dir - straight line, f/p - gnoll
Aim: a gnoll, wielding a +0 spear (moderately wounded, 61% to hit)
You shoot a sling bullet. The sling bullet hits the gnoll.
The gnoll is heavily wounded.
The gnoll hits you from afar with a +0 spear.
You die...

...##.# +!....# ##.....##
####.....# ........
#........) ###..#.#.##
##.......
####.#.#..###......#
.8##...##..........#
...'.#.##.......g.######.#
.♣##.#..........†=........
...'.####.......@....####
.♣##.# #......#+##.$....#
...'.# #......# ..###.#
.8##.#######.....# .†#
####...# #.....# ...
###..#.........#....#.#
#..#.#######.#.#.$... ####
# ......#.##


You could see a gnoll.

Vanquished Creatures
  A hobgoblin (D:1)
  A bat (D:1)
  A rat (D:1)
3 creatures vanquished.

Notes
Turn   | Place    | Note
-------+----------+-------------------------------------------
     0 | D:1      | Heoruswealwe the Deep Elf Arcane Marksman began the quest
                  | for the Orb.
     0 | D:1      | Reached XP level 1. HP: 11/11 MP: 5/5
    52 | D:1      | Slain by a gnoll

Illustrated notes

Levels and vault maps discovered:
D:1:      spicycebolla_arrival_ecumenical, layout_basic

Action                   || total
-------------------------++-------
 Fire: Sling             ||    10
 Cast: Slow              ||     1
Dodge: Dodged            ||     2
